 Dungeon Crawl Stone Soup version 0.31-a0-1-g4198be8af4 (webtiles) character file.

Game seed: 4084627380464233187

697 scionoferis the Cudgeller (level 7, -1/63 HPs)
             Began as a Ghoul Berserker on May 1, 2023.
             Was an Elder of Trog.
             Slain by a black bear (4 damage)
             ... on level 5 of the Dungeon.
             The game lasted 00:11:45 (4325 turns).

scionoferis the Cudgeller (Ghoul Berserker)         Turns: 4325, Time: 00:11:46

Health: -1/63      AC:  8    Str: 20    XL:     7   Next: 65%
Magic:  6/6        EV:  8    Int:  3    God:    Trog [****..]
Gold:   210        SH:  0    Dex: 10    Spells: 6/6 levels left

rFire   . . .        a - +0 flail
rCold   + . .        (no shield)
rNeg    + + +        j - +0 chain mail
rPois   ∞            (no helmet)
rElec   .            (no cloak)
rCorr   .            (no gloves)
SInv    .            (no boots)
Will    .....        h - amulet of faith Stlth
                     (no ring)
HPRegen 0.00/turn    (no ring)
MPRegen 0.10/turn

%: faith
@: inhibited regen
A: claws 1, cold resistance 1, negative energy resistance 3, inhibited
regeneration, torment resistance 2, devour on kill
a: Renounce Religion, Trog's Hand, Brothers in Arms


You were on level 5 of the Dungeon.
You worshipped Trog.
Trog was greatly pleased with you.
You visited 1 branch of the dungeon, and saw 5 of its levels.
You also visited: Ossuary.

You collected 210 gold pieces.


Innate Abilities, Weirdness & Mutations

You are immune to poison.
You have sharp fingernails.
Your flesh is cold resistant. (rC+)
You are immune to negative energy. (rN+++)
You do not regenerate when monsters are visible.
You are immune to unholy pain and torment.
You thrive by killing the living.


   Skills:
 + Level 6.1 Fighting
 * Level 6.6 Maces & Flails
 - Level 1.7 Armour
 - Level 1.7 Dodging


You had 6 spell levels left.
You didn't know any spells.
Your spell library was empty.

Inventory:

Hand Weapons
 a - a +0 flail (weapon)
   (You took it off an orc on level 4 of the Dungeon)
 b - a +0 mace
Missiles
 s - 4 javelins (quivered)
Armour
 j - a +0 chain mail (worn)
   (You found it on level 2 of the Dungeon)
Jewellery
 h - an amulet of faith (around neck)
   (You found it on level 2 of the Dungeon)
 q - an amulet of the acrobat
   (You found it on level 3 of the Dungeon)
Wands
 i - a wand of roots (4)
   (You found it on level 2 of the Dungeon)
 n - a wand of flame (19)
   (You took it off Ijyb on level 3 of the Dungeon)
Scrolls
 c - 2 scrolls of immolation {unknown}
 d - a scroll of vulnerability {unknown}
 k - 4 scrolls of blinking {unknown}
 m - 2 scrolls of fear {unknown}
 p - 4 scrolls of identify {unknown}
 v - a scroll of fog {unknown}
Potions
 e - a potion of heal wounds {unknown}
 f - a potion of degeneration {unknown}
 g - 3 potions of cancellation {unknown}
 l - 3 potions of curing {unknown}
 o - a potion of magic {unknown}
 r - a potion of mutation {unknown}
 t - a potion of flight {unknown}
 u - a potion of invisibility {unknown}
 w - 2 potions of haste {unknown}
 x - a potion of might {unknown}

Dungeon Overview and Level Annotations

Branches:
Dungeon (5/15)            Ossuary (visited)
 Temple: D:4-7

Altars:
Lugonu

Portals:
Abyss: D:1

Annotations:
D:1 2 runed translucent doors

####
............#
#...
#...........#
#.#.
#...........#
#.#.
#...........##
#.#.
.............#
#.#.
#............#
#.##
/............#
#.##
#.....h@.....#
#.#
......######.#
#.. #####
#.###########
#............
#############


You could see a black bear (berserk).


Message History

You hear an angry hiss.
You hit the howler monkey.
The howler monkey is heavily wounded.
The howler monkey hits you.
The howler monkey hits you but does no damage.
You closely miss the howler monkey.
The howler monkey is heavily wounded.
The howler monkey hits you.
You hit the howler monkey.
The howler monkey is heavily wounded.
The howler monkey hoots and howls with incredible vigour!
You sock the howler monkey!
You kill the howler monkey!
Trog accepts your kill.
You open the door.
Found 9 gold pieces.
Found an escape hatch in the floor.
Found a sand-covered staircase.
There is an open door here.
You see here 9 gold pieces.
There is an open door here.
A ball python comes into view.
The ball python hisses angrily.
You barely miss the ball python.
You hear the brisk hiss of an avalanche of sand very nearby.
The ball python barely misses you. The ball python grabs you.
The ball python constricts you. The ball python closely misses you.
The ball python constricts you. The gnoll barely misses you.
You hit the ball python.
You kill the ball python!
Trog accepts your kill. The gnoll hits you but does no damage.
The gnoll hits you but does no damage.
You hit the gnoll but do no damage. The gnoll barely misses you.
You sock the gnoll!
The gnoll is almost dead.
The gnoll closely misses you.
You sock the gnoll!
You kill the gnoll!
Trog accepts your kill.
You feel better.
You see here a +0 spear.
You barely miss the gnoll. The gnoll barely misses you.
The gnoll hits you with a +0 flail.
You hit the gnoll but do no damage. The gnoll barely misses you.
You completely miss the gnoll. The gnoll hits you but does no damage.
You sock the gnoll!
The gnoll is severely wounded.
The gnoll barely misses you.
You hit the gnoll.
The gnoll is almost dead.
The gnoll hits you with a +0 flail.
You hit the gnoll.
You kill the gnoll!
Trog accepts your kill. As you open the door, it creaks loudly!
There is an open door here.
There is a sand-covered staircase here.
The world spins around you as you enter the gateway.
You enter an ossuary!
Found two gates leading back out of this place.
There is an empty arch of ancient stone here.
You are now empty-clawed.
You drop a +0 quarterstaff.
Adjust to which letter? (? for menu, Esc to quit)
a - a +0 flail;
s - a +0 mace Adjust to which letter? (? for menu, Esc to quit)
b - a +0 mace;
s - 4 javelins (quivered)
You start resting.
HP restored.
a - a +0 flail (weapon)
You open the door.
An orc zombie comes into view.
You thump the orc zombie!
You destroy the orc zombie!
Trog accepts your kill.
There is an open door here.
A kobold zombie comes into view.
There is an open door here.
You start waiting.
A kobold zombie is nearby!
You sock the kobold zombie!
You destroy the kobold zombie!
Trog accepts your kill.
There is an open door here.
You open the door.
A kobold zombie comes into view.
You closely miss the kobold zombie. The kobold zombie closely misses you.
You hit the kobold zombie but do no damage.
The kobold zombie hits you but does no damage.
You hit the kobold zombie.
The kobold zombie is heavily damaged.
The kobold zombie hits you but does no damage.
You thump the kobold zombie!
You destroy the kobold zombie!
Trog accepts your kill.
You open the door.
A kobold zombie comes into view.
You sock the kobold zombie!
You destroy the kobold zombie!
Trog accepts your kill.
There is an open door here.
A hobgoblin zombie comes into view.
There is an open door here.
You start waiting.
A hobgoblin zombie is nearby!
You hit the hobgoblin zombie.
The hobgoblin zombie is heavily damaged.
The hobgoblin zombie barely misses you.
You hit the hobgoblin zombie.
You destroy the hobgoblin zombie!
Trog accepts your kill.
There is an open door here.
You open the door.
A kobold zombie comes into view.
You sock the kobold zombie!
You destroy the kobold zombie!
Trog accepts your kill.
There is an open door here.
A hobgoblin zombie and a kobold zombie come into view.
There is an open door here.
You start waiting.
A kobold zombie is nearby!
You barely miss the kobold zombie.
The kobold zombie hits you but does no damage.
You thump the kobold zombie!
You destroy the kobold zombie!
Trog accepts your kill.
You sock the hobgoblin zombie!
You destroy the hobgoblin zombie!
Trog accepts your kill.
There is an open door here.
A kobold zombie and a goblin zombie come into view.
There is an open door here.
A goblin zombie is nearby!
The goblin zombie hits you but does no damage.
There is an open door here.
You hit the goblin zombie but do no damage.
The goblin zombie hits you but does no damage.
You sock the goblin zombie!
You destroy the goblin zombie!
Trog accepts your kill.
You completely miss the kobold zombie.
The kobold zombie hits you but does no damage.
You barely miss the kobold zombie. You hit the kobold zombie.
The kobold zombie is moderately damaged.
The kobold zombie hits you but does no damage.
You thump the kobold zombie!
You destroy the kobold zombie!
Trog accepts your kill.
There is an open door here.
You open the door.
A goblin zombie comes into view.
You barely miss the goblin zombie. You claw the goblin zombie.
The goblin zombie is lightly damaged.
The goblin zombie hits you but does no damage.
You barely miss the goblin zombie.
The goblin zombie is lightly damaged.
The goblin zombie hits you.
You barely miss the goblin zombie.
The goblin zombie is lightly damaged.
The goblin zombie hits you but does no damage.
You hit the goblin zombie but do no damage.
The goblin zombie is lightly damaged.
The goblin zombie hits you but does no damage.
You hit the goblin zombie.
The goblin zombie is severely damaged.
The goblin zombie closely misses you.
You thump the goblin zombie!
You destroy the goblin zombie!
Trog accepts your kill.
There is an open door here.
A kobold zombie and a goblin zombie come into view.
There is an open door here.
You hit the kobold zombie.
The kobold zombie is lightly damaged.
The kobold zombie hits you but does no damage.
You barely miss the kobold zombie.
The kobold zombie is lightly damaged.
The kobold zombie closely misses you.
You hit the kobold zombie.
The kobold zombie is severely damaged.
The kobold zombie hits you but does no damage.
You hit the kobold zombie.
You destroy the kobold zombie!
Trog accepts your kill.
You hit the goblin zombie.
The goblin zombie is moderately damaged.
The goblin zombie hits you but does no damage.
You sock the goblin zombie!
You destroy the goblin zombie!
Trog accepts your kill.
There is an open door here.
A hobgoblin zombie and a kobold zombie come into view.
There is an open door here.
You hit the hobgoblin zombie.
The hobgoblin zombie is heavily damaged.
The hobgoblin zombie hits you but does no damage.
You sock the hobgoblin zombie!
You destroy the hobgoblin zombie!
Trog accepts your kill.
There is an open door here.
You closely miss the kobold zombie. The kobold zombie hits you.
You barely miss the kobold zombie.
The kobold zombie hits you but does no damage.
You hit the kobold zombie.
The kobold zombie is heavily damaged.
The kobold zombie hits you but does no damage.
You closely miss the kobold zombie.
The kobold zombie is heavily damaged.
The kobold zombie barely misses you.
You hit the kobold zombie.
You destroy the kobold zombie!
Trog accepts your kill.
You open the door.
A kobold zombie comes into view.
You barely miss the kobold zombie. The kobold zombie closely misses you.
You hit the kobold zombie.
The kobold zombie is moderately damaged.
The kobold zombie hits you.
You thump the kobold zombie!
You destroy the kobold zombie!
Trog accepts your kill.
There is an open door here.
You open the door.
There is an open door here.
You open the door. 4 spectral rats, 3 spectral bats and a spectral kobold come into view.
The spectral rat moves out of view. x2
A spectral rat and a spectral bat come into view.
The spectral rat barely misses you.
There is an open door here.
You thump the spectral rat!
You destroy the spectral rat!
Trog accepts your kill. The spectral bat barely misses you.
The spectral bat hits you but does no damage. x2
You closely miss the spectral bat. The spectral bat barely misses you.
The spectral bat hits you but does no damage. x2
You barely miss the spectral bat. The spectral bat closely misses you.
The spectral bat hits you but does no damage. x2
You sock the spectral bat!
You destroy the spectral bat!
Trog accepts your kill.
The spectral bat hits you but does no damage. x3
You hit the spectral bat.
The spectral bat is severely damaged.
The spectral bat hits you but does no damage.
The spectral bat misses you.
The spectral bat hits you but does no damage.
You hit the spectral bat.
You destroy the spectral bat!
Trog accepts your kill.
The spectral bat hits you but does no damage. x2
The spectral bat closely misses you.
You barely miss the spectral bat. The spectral bat hits you.
The spectral bat barely misses you. The spectral bat hits you.
You hit the spectral bat.
The spectral bat is lightly damaged.
The spectral bat closely misses you.
The spectral bat hits you but does no damage.
The spectral bat barely misses you.
You sock the spectral bat!
You destroy the spectral bat!
Trog accepts your kill. The spectral bat barely misses you. x2
The spectral bat hits you but does no damage.
You hit the spectral bat but do no damage.
The spectral bat hits you but does no damage. x2
The spectral bat completely misses you.
You hit the spectral bat.
You destroy the spectral bat!
Trog accepts your kill. The spectral rat closely misses you.
You sock the spectral rat!
You destroy the spectral rat!
Trog accepts your kill.
You sock the spectral rat!
You destroy the spectral rat!
Trog accepts your kill.
You sock the spectral rat!
You destroy the spectral rat!
Trog accepts your kill.
You barely miss the spectral rat.
The spectral rat bites you but does no damage.
You hit the spectral rat but do no damage.
The spectral rat closely misses you.
You barely miss the spectral rat.
The spectral rat bites you but does no damage.
You sock the spectral rat!
You destroy the spectral rat!
Trog accepts your kill. The spectral kobold hits you.
You thump the spectral kobold!
You destroy the spectral kobold!
Trog accepts your kill.
You swing at nothing.
There is an open door here.
There is an open door here.
You open the door.
There is an open door here.
There is an open door here.
There is an open door here.
There is an open door here.
You open the door.
There is an open door here.
You open the door.
A gnoll zombie comes into view.
You sock the gnoll zombie!
The gnoll zombie is heavily damaged.
The gnoll zombie hits you but does no damage.
You hit the gnoll zombie.
The gnoll zombie is heavily damaged.
The gnoll zombie hits you but does no damage.
You hit the gnoll zombie.
The gnoll zombie is almost destroyed.
The gnoll zombie closely misses you.
You barely miss the gnoll zombie.
The gnoll zombie is almost destroyed.
The gnoll zombie hits you but does no damage.
You hit the gnoll zombie.
The gnoll zombie is almost destroyed.
The gnoll zombie closely misses you.
You hit the gnoll zombie.
You destroy the gnoll zombie!
Trog accepts your kill.
You open the door.
A gnoll zombie comes into view.
You thump the gnoll zombie!
The gnoll zombie is heavily damaged.
The gnoll zombie closely misses you.
You completely miss the gnoll zombie.
The gnoll zombie is heavily damaged.
The gnoll zombie hits you.
You sock the gnoll zombie!
You destroy the gnoll zombie!
Trog accepts your kill.
There is an open door here.
You open the door.
A gnoll zombie comes into view.
You hit the gnoll zombie.
The gnoll zombie is moderately damaged.
You sock the gnoll zombie!
The gnoll zombie is almost destroyed.
The gnoll zombie hits you but does no damage.
You hit the gnoll zombie.
You destroy the gnoll zombie!
Trog accepts your kill.
There is an open door here.
As you open the door, it creaks loudly!
A gnoll zombie comes into view.
You sock the gnoll zombie!
The gnoll zombie is severely damaged.
The gnoll zombie hits you but does no damage.
You sock the gnoll zombie!
You destroy the gnoll zombie!
Trog accepts your kill.
There is an open door here.
As you open the door, it creaks loudly!
A gnoll zombie comes into view.
You sock the gnoll zombie!
The gnoll zombie is severely damaged.
The gnoll zombie closely misses you.
You sock the gnoll zombie!
You destroy the gnoll zombie!
Trog accepts your kill.
You open the door.
A gnoll zombie comes into view.
You barely miss the gnoll zombie. The gnoll zombie barely misses you.
You barely miss the gnoll zombie. The gnoll zombie hits you.
You sock the gnoll zombie!
The gnoll zombie is almost destroyed.
The gnoll zombie hits you but does no damage.
You completely miss the gnoll zombie.
The gnoll zombie is almost destroyed.
The gnoll zombie barely misses you.
You barely miss the gnoll zombie.
The gnoll zombie is almost destroyed.
The gnoll zombie closely misses you.
You barely miss the gnoll zombie.
The gnoll zombie is almost destroyed.
The gnoll zombie hits you but does no damage.
You sock the gnoll zombie!
You destroy the gnoll zombie!
Trog accepts your kill.
You start resting.
HP restored.
As you open the door, it creaks loudly!
There is an open door here.
There is an open door here.
You open the door. 2 bat simulacra and 3 rat simulacra come into view. 2 goblin simulacra come into view.
The rat simulacrum closely misses you.
There is an open door here.
You barely miss the rat simulacrum. The rat simulacrum misses you.
You sock the rat simulacrum!
The rat simulacrum vaporises!
Trog accepts your kill.
The bat simulacrum hits you but does no damage.
The bat simulacrum barely misses you.
Unknown command.
You closely miss the bat simulacrum.
The bat simulacrum hits you but does no damage.
The bat simulacrum barely misses you. The bat simulacrum closely misses you.
You hit the bat simulacrum.
The bat simulacrum vaporises!
Trog accepts your kill. The bat simulacrum hits you.
The bat simulacrum freezes you. You resist.
The bat simulacrum barely misses you.
You sock the bat simulacrum!
The bat simulacrum vaporises!
Trog accepts your kill.
You barely miss the rat simulacrum.
The rat simulacrum bites you but does no damage.
You hit the rat simulacrum.
The rat simulacrum is moderately damaged.
The rat simulacrum bites you but does no damage.
You hit the rat simulacrum.
The rat simulacrum vaporises!
Trog accepts your kill.
You hit the goblin simulacrum.
The goblin simulacrum vaporises!
Trog accepts your kill.
You hit the goblin simulacrum.
The goblin simulacrum is severely damaged.
You sock the goblin simulacrum!
The goblin simulacrum vaporises!
Trog accepts your kill.
You hit the rat simulacrum.
The rat simulacrum is severely damaged.
The rat simulacrum misses you.
You barely miss the rat simulacrum.
The rat simulacrum is severely damaged.
The rat simulacrum bites you but does no damage.
You sock the rat simulacrum!
The rat simulacrum vaporises!
Trog accepts your kill.
A kobold simulacrum and a goblin simulacrum come into view.
A goblin simulacrum comes into view.
There is an open door here.
You hit the kobold simulacrum.
The kobold simulacrum vaporises!
Trog accepts your kill.
You hit the goblin simulacrum.
The goblin simulacrum vaporises!
Trog accepts your kill.
You closely miss the goblin simulacrum.
The goblin simulacrum closely misses you.
You thump the goblin simulacrum!
The goblin simulacrum vaporises!
Trog accepts your kill.
You open the door.
There is an open door here.
There is an open door here.
There is an open door here.
You open the door.
A kobold zombie, a mummy, 2 gnoll zombies and a hobgoblin zombie come into view.
There is an open door here.
You start waiting.
A hobgoblin zombie is nearby!
You sock the hobgoblin zombie!
You destroy the hobgoblin zombie!
Trog accepts your kill.
You can now call in reinforcements.
You start waiting.
A mummy is nearby!
You closely miss the mummy. The mummy hits you but does no damage.
You hit the mummy.
The mummy is lightly damaged.
You hit the mummy.
The mummy is moderately damaged.
The mummy barely misses you.
You hit the mummy.
The mummy is heavily damaged.
You sock the mummy!
The mummy is almost destroyed.
The mummy barely misses you.
You hit the mummy.
You destroy the mummy!
Trog accepts your kill.
You start waiting.
Done waiting.
There is an open door here.
You hit the gnoll zombie.
The gnoll zombie is moderately damaged.
The gnoll zombie hits you but does no damage.
You barely miss the gnoll zombie.
The gnoll zombie is moderately damaged.
The gnoll zombie barely misses you.
You thump the gnoll zombie!
You destroy the gnoll zombie!
Trog accepts your kill.
There is an open door here.
You closely miss the kobold zombie.
The kobold zombie hits you but does no damage.
You sock the kobold zombie!
You destroy the kobold zombie!
Trog accepts your kill.
Found three items.
Found 2 fuming amethyst potions, an orange potion and a bubbling blue potion.
Found a scroll labelled TITIBOEXOM and 2 bubbling brown potions.
m - 2 scrolls labelled SICSAS KATIFF (gained 1)
c - a scroll labelled YPSAK PEERGHOU
t - a smoky cyan potion
u - a bubbling blue potion
g - 3 fuming amethyst potions (gained 2)
l - 3 orange potions (gained 1)
v - a scroll labelled TITIBOEXOM
w - 2 bubbling brown potions You open the door.
A gnoll zombie comes into view.
You hit the gnoll zombie.
The gnoll zombie is moderately damaged.
The gnoll zombie barely misses you.
You hit the gnoll zombie.
The gnoll zombie is heavily damaged.
The gnoll zombie barely misses you.
You hit the gnoll zombie.
The gnoll zombie is almost destroyed.
The gnoll zombie hits you but does no damage.
You sock the gnoll zombie!
You destroy the gnoll zombie!
Trog accepts your kill.
You open the door.
A gnoll zombie comes into view.
You sock the gnoll zombie!
The gnoll zombie is heavily damaged.
The gnoll zombie completely misses you.
You hit the gnoll zombie.
The gnoll zombie is almost destroyed.
The gnoll zombie hits you.
You sock the gnoll zombie!
You destroy the gnoll zombie!
Trog accepts your kill.
There is an open door here.
HP restored.
You open the door.
A gnoll zombie comes into view.
You barely miss the gnoll zombie.
The gnoll zombie hits you but does no damage.
You completely miss the gnoll zombie.
The gnoll zombie hits you but does no damage.
You sock the gnoll zombie!
The gnoll zombie is heavily damaged.
The gnoll zombie hits you but does no damage.
You hit the gnoll zombie.
The gnoll zombie is almost destroyed.
The gnoll zombie closely misses you.
You hit the gnoll zombie.
You destroy the gnoll zombie!
Trog accepts your kill.
No target in view!
You open the door.
A gnoll zombie comes into view.
You thump the gnoll zombie!
The gnoll zombie is severely damaged.
The gnoll zombie hits you.
You thump the gnoll zombie!
You destroy the gnoll zombie!
Trog accepts your kill.
No target in view!
Done exploring.
Search for what [Enter for "d:", or ? for help]? oss Unknown command.
There is an open door here.
There is an open door here.
There is an open door here.
The gnoll zombie sets off the alarm!
The alarm trap emits a blaring wail!
A sentinel's mark forms upon you.
You sock the gnoll zombie!
The gnoll zombie is moderately damaged.
The gnoll zombie hits you but does no damage.
You sock the gnoll zombie!
You destroy the gnoll zombie!
Trog accepts your kill.
No target in view!
No target in view!
Done exploring.
There is an open door here.
There is a gate leading back out of this place here.
You start waiting.
The sentinel's mark upon you fades away.
Welcome back to the Dungeon!
There is a collapsed entrance here.
There is an open door here.
Things that are here:
a +0 flail; a gnoll skeleton
There is an open door here.
You now have 139 gold pieces (gained 8).
There is an open door here.
An orc comes into view. It is wielding a +0 trident.
The orc shouts!
A giant cockroach comes into view.
An orc wizard comes into view. It is wielding a +0 dagger.
An orc comes into view. It is wielding a +0 whip.
The orc hits you but does no damage. The orc attacks as you move away!
The orc hits you with a +0 trident.
The orc shouts!
You hear a shout!
The orc hits you but does no damage.
The orc wizard gestures wildly while chanting.
The orc wizard flickers and vanishes!
Deactivating autopickup; reactivate with Ctrl-A.
The orc hits you from afar with a +0 trident.
An orc comes into view. It is wielding a +0 flail.
The orc barely misses you.
You hit the orc but do no damage. The orc barely misses you.
You hit the orc.
The orc is heavily wounded.
The orc hits you with a +0 trident.
You hit the orc but do no damage.
The orc is heavily wounded.
The orc hits you but does no damage.
You sock the orc!
You kill the orc!
Trog accepts your kill.
Your skin crawls.
You feel strong-willed. Something hits you but does no damage.
Things that are here:
a +0 trident; a +0 chain mail; an orc corpse You completely miss something.
Something hits you.
You miss something. Something hits you but does no damage.
You hear some strange, mumbled words.
A puff of flame appears from out of thin air!
The puff of flame hits you.
You hit something. Something hits you.
You barely miss something. Something hits you.
You closely miss something. Something hits you but does no damage.
You closely miss something. Something hits you but does no damage.
You hit something but do no damage. Something hits you but does no damage.
You hit something.
You feel the effects of Trog's Hand fading.
Something hits you but does no damage.
You miss something. Something hits you.
You barely miss something. Something hits you but does no damage.
Something hits you.
You barely miss something. You claw something.
Something hits you but does no damage.
You miss something.
Your skin stops crawling.
You feel less strong-willed. Something hits you but does no damage.
You miss something. Something hits you but does no damage.
You miss something.
An orc wizard appears from thin air!
Reactivating autopickup.
The orc wizard hits you but does no damage.
You closely miss the orc wizard.
The orc wizard is severely wounded.
The orc wizard barely misses you.
You hit the orc wizard.
The orc wizard is severely wounded.
The orc wizard hits you but does no damage.
You hit the orc wizard.
You kill the orc wizard!
Trog accepts your kill.
Trog appreciates your killing of a magic user.
You sock the orc!
You kill the orc!
Trog accepts your kill. The orc closely misses you.
Items here: )) [ ††.
You sock the orc!
You kill the orc!
Trog accepts your kill.
You feel better.
Things that are here:
a +0 flail; a +0 leather armour; an orc corpse HP restored.
A giant cockroach is nearby!
A hobgoblin comes into view.
The hobgoblin shouts!
The giant cockroach bites you but does no damage. x2
You barely miss the giant cockroach.
A worm comes into view.
The giant cockroach bites you but does no damage.
You closely miss the giant cockroach. The giant cockroach barely misses you.
You hit the giant cockroach.
The giant cockroach is severely wounded.
The giant cockroach bites you but does no damage.
You hit the giant cockroach.
You kill the giant cockroach!
Trog accepts your kill. The hobgoblin completely misses you.
You hit the hobgoblin.
The hobgoblin is almost dead.
The hobgoblin closely misses you.
You hit the hobgoblin.
You kill the hobgoblin!
Trog accepts your kill.
Found an escape hatch in the floor.
You see here a hobgoblin corpse.
You hit the worm. You claw the worm!
The worm is severely wounded.
The worm bites you but does no damage.
You hit the worm but do no damage. Your claw misses the worm.
The worm is heavily wounded.
The worm bites you but does no damage.
You hit the worm.
The worm is heavily wounded.
You thump the worm!
You kill the worm!
Trog accepts your kill.
No target in view!
A ball python comes into view.
The ball python hisses angrily.
You barely miss the ball python. The ball python barely misses you.
The ball python closely misses you.
You sock the ball python!
You kill the ball python!
Trog accepts your kill.
No target in view!
You see here a ball python corpse.
You now have 152 gold pieces (gained 13).
Found a short sword.
You open the door.
There is an open door here.
You open the door.
There is an open door here.
You open the door.
There is an open door here.
You now have 171 gold pieces (gained 19).
p - 3 scrolls labelled KACYAT VYRUCINUWISM (gained 1)
x - a silvery potion
There is a stone staircase leading up here.
You now have 179 gold pieces (gained 8).
You now have 194 gold pieces (gained 15).
There is an open door here.
You now have 203 gold pieces (gained 9).
There is an open door here.
You open the door.
There is an open door here.
You open the door.
There is an open door here.
There is an open door here.
As you open the door, it creaks loudly!
There is an open door here.
You open the door.
There is an open door here.
Found a whip.
You see here a +0 whip.
You see here a +0 spear.
Done exploring.
Search for what [Enter for "oss", or ? for help]? mace Unknown command.
There is an escape hatch in the ceiling here.
There is a stone staircase leading down here.
You climb downwards.
The hound barks!
You hear a bark!
There is a stone staircase leading up here.
You sock the hound!
The hound is heavily wounded.
The hound barely misses you. The hound closely misses you.
You closely miss the hound.
The hound is heavily wounded.
The hound bites you.
You barely miss the hound.
The hound is heavily wounded.
The hound bites you but does no damage. x2
You hit the hound.
The hound is severely wounded.
The hound bites you. x2
You sock the hound!
You kill the hound!
Trog accepts your kill.
You feel better.
You have reached level 7!
HP restored.
An ice beast comes into view.
You closely miss the ice beast.
The ice beast hits you but does no damage.
You hit the ice beast but do no damage.
The ice beast hits you but does no damage.
You sock the ice beast!
The ice beast is moderately wounded.
The ice beast hits you but does no damage. x2
You hit the ice beast. Your claw misses the ice beast.
The ice beast is heavily wounded.
The ice beast hits you but does no damage.
You sock the ice beast!
You kill the ice beast!
Trog accepts your kill.
Your Maces & Flails skill increases to level 6!
No target in view!
An adder comes into view.
The adder hisses angrily.
The adder barely misses you.
You hit the adder.
The adder is moderately wounded.
The adder completely misses you.
You barely miss the adder.
The adder is moderately wounded.
The adder closely misses you. The adder bites you but does no damage.
You hit the adder.
The adder is heavily wounded.
The adder bites you but does no damage.
You closely miss the adder.
The adder is heavily wounded.
The adder bites you. The adder bites you but does no damage.
You thump the adder!
You kill the adder!
Trog accepts your kill.
No target in view!
You see here an adder corpse.
You now have 210 gold pieces (gained 7).
A gnoll bouda comes into view. It is wielding a +0 whip.
The gnoll bouda gazes fiercely through you!
You feel your attacks grow feeble.
The gnoll bouda gazes fiercely through you!
You feel as though you will be weak longer.
You start waiting.
A gnoll bouda is nearby!
You hit the gnoll bouda but do no damage.
Your attacks no longer feel as feeble.
The gnoll bouda closely misses you.
You sock the gnoll bouda! You claw the gnoll bouda.
The gnoll bouda is almost dead.
The gnoll bouda gazes fiercely through you!
You feel your attacks grow feeble. The gnoll bouda barely misses you.
You hear a shout!
You barely miss the gnoll bouda.
The gnoll bouda is almost dead.
The gnoll bouda barks out a call to the hunt!
The gnoll bouda barely misses you.
You hear a shout!
You hit the gnoll bouda but do no damage.
The gnoll bouda is almost dead.
The gnoll bouda gazes fiercely through you!
You feel as though you will be weak longer.
The gnoll bouda hits you with a +0 whip.
You sock the gnoll bouda!
You kill the gnoll bouda!
Trog accepts your kill.
A gnoll comes into view. It is wielding a +0 club.
A gnoll comes into view. It is wielding a +0 spear.
A gnoll comes into view. It is wielding a +0 spear.
The gnoll shouts!
The gnoll hits you but does no damage.
Things that are here:
a +0 whip; a +0 robe; a gnoll corpse You hit the gnoll.
The gnoll is lightly wounded.
The gnoll hits you from afar with a +0 spear.
The gnoll hits you with a +0 spear.
A hound comes into view.
The gnoll closely misses you.
You barely miss the gnoll.
The gnoll hits you from afar with a +0 spear.
The gnoll hits you with a +0 club.
You barely miss the gnoll. The gnoll barely misses you.
The gnoll hits you but does no damage.
You sock the gnoll!
The gnoll is severely wounded.
The gnoll hits you but does no damage. The gnoll hits you with a +0 club.
The hound bites you but does no damage.
Your attacks no longer feel as feeble.
The hound closely misses you. The gnoll attacks as you move away!
The gnoll hits you but does no damage. The hound bites you but does no damage.
The gnoll is no longer moving quickly.
The hound bites you. The hound barely misses you.
The gnoll attacks as you move away! The gnoll hits you with a +0 club!
The hound attacks as you move away! The hound bites you but does no damage.
The gnoll attacks as you move away! The gnoll hits you but does no damage.
The hound pauses to sniff the ground.
The hound bites you but does no damage. The gnoll hits you but does no damage.
You fail to use your ability.
The hound barely misses you.
The gnoll hits you from afar with a +0 spear.
The gnoll hits you but does no damage.
The gnoll hits you from afar with a +0 spear.
Your polar bear goes berserk!
The gnoll is no longer moving quickly.
The hound stops to sniff the ground.
The hound bites you but does no damage. The gnoll closely misses you.
The gnoll hits you but does no damage. The hound barely misses you.
The gnoll hits you but does no damage.
Your polar bear closely misses the gnoll.
Your polar bear claws the gnoll.
Your polar bear misses the gnoll.
Your polar bear barely misses the gnoll.
Your polar bear claws the gnoll.
Your polar bear claws the gnoll but does no damage.
The gnoll hits your polar bear with a +0 spear.
The hound bites you.
Your polar bear closely misses the gnoll.
Your polar bear claws the gnoll. x2
Your skin crawls.
You feel strong-willed. The hound bites you.
The gnoll hits your polar bear with a +0 spear.
The gnoll barely misses you.
Your polar bear bites the gnoll!!
The gnoll dies!
Trog accepts your kill.
You closely miss the gnoll.
The gnoll is severely wounded.
The hound bites you.
Your polar bear bites the hound!!
The hound dies!
Trog accepts your kill.
The gnoll hits your polar bear with a +0 spear!
The gnoll completely misses you.
Your polar bear bites the gnoll!!
The gnoll dies!
Trog accepts your kill.
You sock the gnoll!
You kill the gnoll!
Trog accepts your kill.
You feel better.
Your polar bear rages.
Things that are here:
a +0 club; a gnoll corpse Your polar bear rages.
You see here a +0 spear.
p - 4 scrolls labelled KACYAT VYRUCINUWISM (gained 1)
Things that are here:
a +0 spear; 4 stones Your polar bear rages.
You swap places.
You see here a +0 spear.
You start resting.
Your polar bear rages. x2
You feel the effects of Trog's Hand fading.
Your polar bear is no longer berserk.
Your polar bear disappears in a puff of smoke!
Your skin stops crawling.
You feel less strong-willed.
HP restored.
You see here a +0 spear.
Found a leather armour.
c - 2 scrolls labelled YPSAK PEERGHOU (gained 1)
Found a stone staircase leading down.
A phantom comes into view.
The phantom hits you but does no damage.
You barely miss the phantom. The phantom barely misses you.
You closely miss the phantom.
The phantom hits you but does no damage. x2
You sock the phantom!
The phantom is moderately damaged.
The phantom hits you.
You sock the phantom!
The phantom is severely damaged.
The phantom barely misses you.
You completely miss the phantom.
The phantom is severely damaged.
The phantom closely misses you.
You closely miss the phantom.
The phantom is severely damaged.
The phantom hits you.
You sock the phantom!
You destroy the phantom!
Trog accepts your kill.
Your Fighting skill increases to level 6!
No target in view!
A black bear comes into view.
The black bear growls angrily.
Found an encrusted brass wand.
You closely miss the black bear. The black bear barely misses you. x2
The black bear claws you.
You hit the black bear but do no damage.
The black bear bites you. The black bear claws you.
The black bear barely misses you.
You hit the black bear.
The black bear is moderately wounded.
The black bear barely misses you. The black bear completely misses you.
The black bear barely misses you.
You hit the black bear.
The black bear is moderately wounded.
The black bear bites you but does no damage.
The black bear claws you but does no damage.
The black bear claws you.
You sock the black bear!
The black bear is heavily wounded.
The black bear barely misses you. The black bear claws you.
The black bear closely misses you.
You barely miss the black bear.
The black bear is heavily wounded.
The black bear bites you but does no damage.
The black bear claws you. The black bear closely misses you.
You hit the black bear.
The black bear is severely wounded.
The black bear goes berserk!
You barely miss the black bear.
The black bear is severely wounded.
The black bear bites you! The black bear completely misses you.
The black bear barely misses you. The black bear bites you.
The black bear claws you. x2
You are too injured to fight recklessly!
You are too injured to fight recklessly!
You are too injured to fight recklessly!
You closely miss the black bear.
The black bear is severely wounded.
The black bear barely misses you. x2; The black bear claws you.
The black bear bites you.
The black bear claws you but does no damage.
The black bear barely misses you.
You barely miss the black bear.
The black bear is severely wounded.
The black bear bites you!
* * * LOW HITPOINT WARNING * * *
The black bear claws you.
* * * LOW HITPOINT WARNING * * *
The black bear claws you.
* * * LOW HITPOINT WARNING * * *
Unknown command.
You fail to use your ability.
The black bear bites you.
You die...

Skill      XL: |  1  2  3  4  5  6  7 |
---------------+----------------------+-----
Maces & Flails | 3 4 5 6 |  6.6
Fighting       | 4 5 6 |  6.1
Armour         | |  1.7
Dodging        | |  1.7

Action                     |  1- 3 |  4- 6 |  7- 9 || total
---------------------------+-------+-------+-------++-------
  Melee: Quarterstaff      |    90 |    91 |       ||   181
         Mace              |     5 |       |       ||     5
         Flail             |       |   169 |    38 ||   207
         Punch             |       |     3 |     1 ||     4
 Invoke: Trog's Hand       |       |     4 |     1 ||     5
         Brothers in Arms  |       |       |     1 ||     1
 Armour: Animal skin       |    14 |       |       ||    14
         Ring mail         |    14 |       |       ||    14
         Chain mail        |     7 |   123 |    29 ||   159
  Dodge: Dodged            |    46 |    96 |    32 ||   174

Levels and vault maps discovered:
D:1:      erik_arrival_cave_to_civilisation [erik_arrival_cave_to_temple],
          layout_basic, amcnicky_mini_rare_corridor_liquid
D:2:      layout_basic, chequers_serial_rivers_small_3
D:3:      layout_loops_ring, hangedman_decor_growths, uniq_ijyb
D:4:      nicolae_cairo_tiling_large_dashed, layout_basic,
          nicolae_ossuary_entry_false_entrances
D:5:      layout_basic, minmay_temple_entry_enclosed_plants

Notes
Turn   | Place    | Note
-------+----------+-------------------------------------------
     0 | D:1      | scionoferis the Ghoul Berserker began the quest for the
                  | Orb.
     0 | D:1      | Reached XP level 1. HP: 19/19 MP: 0/0
   209 | D:1      | Found a large runed translucent door.
   209 | D:1      | Found a large runed translucent door.
   209 | D:1      | Found a corrupted altar of Lugonu.
   216 | D:1      | Noticed an iron imp
   216 | D:1      | Noticed an iron imp
   216 | D:1      | Noticed a crimson imp
   217 | D:1      | Found a one-way gate to the infinite horrors of the Abyss.
   217 | D:1      | Noticed an iron imp
   218 | D:1      | Noticed an iron imp
   218 | D:1      | Noticed a quasit
   218 | D:1      | Noticed a crimson imp
   239 | D:1      | Reached skill level 3 in Maces & Flails
   239 | D:1      | Reached XP level 2. HP: 26/26 MP: 1/1
   893 | D:2      | Reached XP level 3. HP: 33/33 MP: 2/2
  1437 | D:2      | Reached ** piety under Trog
  1802 | D:3      | Noticed Ijyb
  1814 | D:3      | Killed Ijyb
  1815 | D:3      | Reached skill level 4 in Fighting
  1815 | D:3      | Reached skill level 4 in Maces & Flails
  1815 | D:3      | Reached XP level 4. HP: 16/40 MP: 3/3
  2396 | D:4      | Reached XP level 5. HP: 17/47 MP: 4/4
  2527 | D:4      | HP: 3/47 [gnoll/+0 club[a gnoll bouda] (4)]
  2529 | D:4      | HP: 1/47 [gnoll/+0 club[a gnoll bouda] (5)]
  2536 | D:3      | HP: 3/47 [gnoll/+0 club[a gnoll bouda] (5)]
  2539 | D:3      | Reached skill level 5 in Maces & Flails
  2622 | D:4      | Reached skill level 5 in Fighting
  2622 | D:4      | Reached XP level 6. HP: 35/56 MP: 5/5
  2646 | D:4      | Found a sand-covered staircase.
  2710 | Ossuary  | Entered an ossuary
  2884 | Ossuary  | Reached *** piety under Trog
  3164 | Ossuary  | Reached **** piety under Trog
  4009 | D:5      | Entered Level 5 of the Dungeon
  4016 | D:5      | Reached XP level 7. HP: 58/61 MP: 6/6
  4064 | D:5      | Reached skill level 6 in Maces & Flails
  4223 | D:5      | Reached skill level 6 in Fighting
  4324 | D:5      | HP: 6/63 [black bear (5)]
  4325 | D:5      | Slain by a black bear

Vanquished Creatures
  An ice beast (D:5)
  A phantom (D:5)
  A howler monkey (D:4)
  2 gnoll boudas (D:4 D:5)
  A jelly (D:4)
  2 hounds (D:4 D:5)
  Ijyb (D:3)
  3 orc wizards (D:4)
  A mummy (Ossuary)
  2 adders (D:2 D:5)
  5 gnolls (D:4 D:3 D:5)
  An ufetubus (D:4)
  2 worms (D:2 D:4)
  A dart slug (D:4)
  6 orcs (D:4)
  4 spectral bats (Ossuary)
  7 bats (D:1 D:2 D:3)
  4 endoplasms (D:1 D:2 D:3)
  3 giant cockroaches (D:1 D:4)
  12 gnoll zombies (Ossuary)
  2 goblins (D:2 D:4)
  4 hobgoblins (D:1 D:2 D:4)
  2 jackals (D:3)
  A quokka (D:2)
  7 ball pythons (D:1 D:2 D:3 D:4)
  2 bat simulacra (Ossuary)
  3 frilled lizards (D:1 D:3)
  4 goblin simulacra (Ossuary)
  3 goblin zombies (Ossuary)
  4 hobgoblin zombies (Ossuary)
  4 kobolds (D:1 D:4)
  A kobold simulacrum (Ossuary)
  10 kobold zombies (Ossuary)
  An orc zombie (Ossuary)
  3 rat simulacra (Ossuary)
  A spectral kobold (Ossuary)
  5 spectral rats (Ossuary)
117 creatures vanquished.

Vanquished Creatures (collateral kills)
  A hound (D:5)
  2 gnolls (D:5)
3 creatures vanquished.

Grand Total: 120 creatures vanquished

Table legend: (Time is in decaauts)
 A = Elapsed time spent in this place.
 B = Non-inter-level travel time spent in this place.
 C = Inter-level travel time spent in this place.
 D = Time resting spent in this place.
 E = Time spent auto-exploring this place.
 F = Levels seen in this place.
 G = Mean time per level.
                   A        B        C        D        E       F      G
               +--------+--------+--------+--------+--------+-----+--------+
         Total |   4385 |   4272 |    113 |    187 |   2715 |   6 |  730.8 |
       Dungeon |   3628 |   3515 |    113 |     18 |   2624 |   5 |  725.6 |
       Ossuary |    757 |    757 |      0 |    169 |     91 |   1 |  757.0 |
               +--------+--------+--------+--------+--------+-----+--------+

Top non-repeatable levels by time:
     D:4: 915 daAuts
     D:2: 806 daAuts
     D:1: 801 daAuts
     D:3: 785 daAuts
 Ossuary: 757 daAuts
     D:5: 319 daAuts

Table legend:
 A = Non-vault XP
 B = Vault XP
 C = Vault XP percentage of total XP
 D = Non-vault monster count
 E = Vault monster count
 F = Vault count percentage of total count
                 A         B        C        D         E       F
            +---------+---------+-------+---------+---------+-------
      Total |     874 |     122 |  12.2 |      66 |      54 |  45.0
            +---------+---------+-------+---------+---------+-------
        D:1 |      17 |       4 |  19.0 |      11 |       2 |  15.4
        D:2 |      36 |       0 |   0.0 |      12 |       0 |   0.0
        D:3 |      24 |      36 |  60.0 |       8 |       1 |  11.1
        D:4 |     375 |       0 |   0.0 |      26 |       0 |   0.0
        D:5 |     422 |       0 |   0.0 |       9 |       0 |   0.0
    Ossuary |       0 |      82 | 100.0 |       0 |      51 | 100.0
            +---------+---------+-------+---------+---------+-------
